 Dungeon Crawl Stone Soup version 0.30-a0-371-gad7725a93e (webtiles) character file.

Game seed: 1783857075161358439

5825 ders the Fighter (level 10, -7/96 HPs)
             Began as a Minotaur Fighter on Nov 22, 2022.
             Was a Priest of Okawaru.
             Mangled by an orc warrior
             ... wielding a +0 glaive
              (8 damage)
             ... in a bailey.
             The game lasted 00:13:57 (9225 turns).

ders the Fighter (Minotaur Fighter)                 Turns: 9225, Time: 00:13:57

Health: -7/96      AC: 16    Str: 25    XL:     10   Next: 51%
Magic:  9/9        EV:  7    Int:  5    God:    Okawaru [***...]
Gold:   319        SH:  5    Dex: 10    Spells: 9/9 levels left

rFire   . . .      SeeInvis .    w - +1 hand axe (freeze)
rCold   . . .      Faith    .    c - +0 buckler
rNeg    + . .      Spirit   .    h - +0 plate armour
rPois   .          Reflect  .    (helmet restricted)
rElec   .          Harm     .    H - +0 cloak
rCorr   .          Rampage  .    t - +0 pair of gloves
Will    .....                    (no boots)
Stlth   ..........               (no amulet)
HPRegen 0.36/turn                G - ring of positive energy
MPRegen 0.11/turn                o - ring of flight

@: flying
A: horns 2, retaliatory headbutt
a: Renounce Religion, Heroism


You were in a bailey.
You worshipped Okawaru.
Okawaru was most pleased with you.
You visited 2 branches of the dungeon, and saw 10 of its levels.
You also visited: Ossuary and Bailey.

You collected 515 gold pieces.
You spent 196 gold pieces at shops.

Inventory:

Hand Weapons
 a - a +0 war axe
 w - a +1 hand axe of freezing (weapon)
Armour
 b - a +0 scale mail
 c - a +0 buckler (worn)
 h - a +0 plate armour (worn)
 q - a +2 robe of willpower
 t - a +0 pair of gloves (worn)
 H - a +0 cloak (worn)
Jewellery
 j - a ring of magical power
 k - a ring of magical power
 o - a ring of flight (right hand)
 s - a ring of ice
 B - an amulet of faith
 G - a ring of positive energy (left hand)
Wands
 v - a wand of flame (26)
 D - a wand of iceblast (45)
 P - a wand of polymorph (14)
Scrolls
 p - 2 scrolls of poison
 r - 4 scrolls of teleportation
 y - 4 scrolls of butterflies
 z - 3 scrolls of blinking {unknown}
 A - 3 scrolls of magic mapping {unknown}
 F - a scroll of brand weapon {unknown}
 J - a scroll of fear {unknown}
 K - a scroll of silence {unknown}
 L - 2 scrolls of summoning {unknown}
 M - a scroll of amnesia {unknown}
 N - a scroll of identify
 O - a scroll of enchant weapon {unknown}
 Q - a scroll of acquirement {unknown}
Potions
 e - 12 potions of degeneration
 g - 6 potions of haste
 i - 3 potions of attraction
 l - 2 potions of berserk rage {unknown}
 m - 5 potions of lignification
 n - a potion of invisibility {unknown}
 u - a potion of flight {unknown}
 x - 2 potions of mutation
 C - a potion of magic {unknown}
 E - 2 potions of brilliance {unknown}
 I - a potion of might


   Skills:
 * Level 11.5 Fighting
 * Level 11.2 Axes
 + Level 8.6 Armour
 + Level 8.5 Shields


You had 9 spell levels left.
You didn't know any spells.
Your spell library contained the following spells:

 Spells                   Type           Power      Damage    Failure   Level
 Freeze                   Ice            0%         1d3       100%        1
 Kiss of Death            Conj/Necr      0%         2d5       100%        1
 Blink                    Tloc           0%         N/A       100%        2
 Ensorcelled Hibernation  Hex/Ice        0%         N/A       100%        2
 Passwall                 Tmut/Erth      0%         N/A       100%        2
 Scorch                   Fire           0%         2d5       100%        2
 Confusing Touch          Hex            0%         N/A       100%        3
 Frozen Ramparts          Ice            0%         1d1       100%        3
 Hailstorm                Conj/Ice       0%         3d3       100%        3
 Ozocubu's Armour         Ice            0%         N/A       100%        3
 Swiftness                Air            0%         N/A       100%        3
 Dispel Undead            Necr           0%         3d6       100%        4
 Flame Wave               Conj/Fire      0%         2d4       100%        4
 Manifold Assault         Tloc           0%         N/A       100%        4
 Ozocubu's Refrigeration  Ice            0%         4d7       100%        7
 Storm Form               Tmut/Air       0%         N/A       100%        7
 Summon Cactus Giant      Summ           Unusable   N/A       N/A         6

Dungeon Overview and Level Annotations

Branches:
Dungeon (9/15)             Temple (1/1) D:5            Lair (0/5) D:8
Ossuary (visited)          Bailey (1/1)
    Orc: D:9-12

Altars:
Ashenzari
Cheibriados
Dithmenos
Elyvilon
Fedhas
Gozag
Hepliaklqana
Kikubaaqudgha
Makhleb
Nemelex Xobeh
Okawaru
Qazlal
Ru
Sif Muna
Uskayaw
Vehumet
Wu Jian
Xom
Yredelemnul
Zin
The Shining One

Shops:
D:6 (?!(*

Annotations:
D:4 2 transporters, DyvineHeals's ghost, amateur HuCj


Innate Abilities, Weirdness & Mutations

You have a pair of horns on your head.
You reflexively headbutt those who attack you in melee.


Message History

You block the centaur's attack. The centaur closely misses you.
You barely miss the centaur.
The centaur is moderately wounded.
The centaur hits you with a +0 halberd!
* * * LOW HITPOINT WARNING * * *
The centaur kicks you but does no damage.
You hit the centaur. You freeze the centaur.
The centaur is severely wounded.
The centaur hits you but does no damage.
You block the centaur's attack.
You hit the centaur but do no damage.
The centaur is severely wounded.
The centaur barely misses you. You block the centaur's attack.
The orc warrior hits you from afar with a +0 glaive!
* * * LOW HITPOINT WARNING * * *
You barely miss the centaur. You headbutt the centaur.
The centaur is severely wounded.
The centaur barely misses you. You block the centaur's attack.
The orc warrior hits you from afar with a +0 glaive!
* * * LOW HITPOINT WARNING * * *
Okay, then.
You feel better. The centaur hits you with a +0 halberd.
* * * LOW HITPOINT WARNING * * *
You block the centaur's attack. The centaur hits you with a +0 halberd.
* * * LOW HITPOINT WARNING * * *
You block the centaur's attack.
The orc warrior hits you from afar with a +0 glaive.
* * * LOW HITPOINT WARNING * * *
You feel better. The centaur hits you with a +0 halberd.
* * * LOW HITPOINT WARNING * * *
You block the centaur's attack. You block the orc's attack.
The orc warrior hits you from afar with a +0 glaive!
* * * LOW HITPOINT WARNING * * *
You feel better. The centaur hits you with a +0 halberd!
* * * LOW HITPOINT WARNING * * *
The centaur kicks you but does no damage.
The centaur barely misses you. You block the centaur's attack.
The orc splashes around in the water.
The orc warrior hits you from afar with a +0 glaive!
You die...

≈≈≈c≈≈.⌠.........⌠.≈≈.≈≈≈#...#..≈
≈≈≈.≈...............≈o≈≈≈#..⌠#.≈≈
≈≈.≈≈....≈≈≈≈≈≈≈....≈≈.≈ #..##.≈.
≈≈.≈...≈≈≈~~~~)≈≈≈...#####.)#.≈≈.
≈≈o~≈≈≈≈≈~≈≈≈......'..#.≈.≈
~~≈≈≈)=!~~≈≈≈......'..#.≈..
≈≈~~≈≈≈≈≈o≈≈≈.)....').#.≈.≈
.≈≈≈~~~~~≈≈≈...#####..#.≈≈.
...≈≈≈≈≈≈≈@...≈≈)≈≈#.)##.≈.
........o.c...≈.≈≈≈#..⌠#.≈≈
.⌠.........⌠.≈≈.≈≈≈#...#..≈
............)≈.≈≈≈≈#...#.⌠.
≈≈.........≈≈≈)≈≈≈≈#...##..
≈≈≈.....≈≈≈..≈≈≈≈≈#....###
..≈≈≈≈≈≈≈..≈≈≈≈≈≈≈#.......
≈≈.......≈≈≈≈≈≈≈≈###......
≈≈≈≈≈≈≈≈≈≈≈≈≈≈≈≈## ##.....


You could see 2 orc warriors, a centaur and an orc.

Vanquished Creatures
  Pikel (D:7)
  A troll (D:8)
  A wyvern (D:9)
  4 yaks (D:9)
  Menkaure (D:5)
  Duvessa (D:5)
  A water moccasin (D:6)
  A black bear (D:5)
  3 orc warriors (Bailey)
  A sky beast (D:8)
  3 ogres
  A wolf (D:8)
  9 centaurs
  3 lemures (D:7)
  Blork the orc (D:4)
  2 phantoms
  A kobold brigand (D:7)
  3 necrophages
  4 bullfrogs
  3 gnoll sergeants
  2 scorpions
  4 wights (D:7)
  Dowan (D:5)
  3 electric eels (D:8)
  A human zombie (Ossuary)
  3 orc priests
  8 hounds
  2 centaur zombies (Ossuary)
  Crazy Yiuf (D:6)
  A gnoll bouda (D:6)
  2 iguanas (D:4)
  7 orc wizards
  5 mummies (Ossuary)
  14 gnolls
  12 adders
  3 white imps
  2 ufetubi
  A worm (D:2)
  A dart slug (D:4)
  44 orcs
  8 ball pythons
  3 bats
  9 endoplasms
  2 giant cockroaches
  A gnoll zombie (Ossuary)
  9 goblins
  8 hobgoblins
  11 kobolds
  4 quokkas
  A frilled lizard (D:3)
  A goblin zombie (Ossuary)
  A hobgoblin zombie (Ossuary)
  A kobold zombie (Ossuary)
  An orc zombie (Ossuary)
222 creatures vanquished.

Notes
Turn   | Place    | Note
-------+----------+-------------------------------------------
     0 | D:1      | ders the Minotaur Fighter began the quest for the Orb.
     0 | D:1      | Reached XP level 1. HP: 19/19 MP: 0/0
   150 | D:1      | Reached XP level 2. HP: 27/27 MP: 1/1
   787 | D:2      | Found a faded altar of an unknown god.
   814 | D:2      | Reached XP level 3. HP: 33/33 MP: 2/2
   900 | D:2      | Found a broken altar of Ashenzari.
  1253 | D:3      | Reached XP level 4. HP: 20/41 MP: 3/3
  1758 | D:3      | Identified the +3 ring mail of the New World {Stlth+}
  2053 | D:3      | Reached XP level 5. HP: 46/47 MP: 4/4
  2259 | D:3      | Reached skill level 5 in Fighting
  2359 | D:4      | Noticed an ogre
  2366 | D:4      | Killed an ogre
  2424 | D:4      | Found a transporter.
  2428 | D:4      | Found a transporter.
  2429 | D:4      | Noticed DyvineHeals's ghost (amateur HuCj)
  2509 | D:4      | Reached XP level 6. HP: 53/56 MP: 5/5
  2616 | D:4      | Reached skill level 5 in Axes
  2769 | D:4      | Noticed Blork the orc
  2781 | D:4      | Killed Blork the orc
  2782 | D:4      | Reached skill level 5 in Armour
  3249 | D:5      | Entered Level 5 of the Dungeon
  3259 | D:5      | Noticed Dowan
  3260 | D:5      | Noticed Duvessa
  3269 | D:5      | Killed Duvessa
  3270 | D:5      | Reached skill level 5 in Shields
  3270 | D:5      | Reached XP level 7. HP: 51/64 MP: 6/6
  3276 | D:5      | Killed Dowan
  3349 | D:5      | Identified the +4 scale mail "Harchatut" {rCorr Int+5}
  3360 | D:5      | Found a sand-covered staircase.
  3369 | Ossuary  | Entered an ossuary
  3797 | D:5      | Found a staircase to the Ecumenical Temple.
  3806 | Temple   | Entered the Ecumenical Temple
  3929 | Temple   | Became a worshipper of Warmaster Okawaru
  4094 | D:5      | Reached XP level 8. HP: 72/73 MP: 7/7
  4153 | D:5      | Found a blossoming altar of Fedhas.
  4155 | D:5      | Found a shadowy altar of Dithmenos.
  4757 | D:5      | Noticed Menkaure
  4767 | D:5      | Killed Menkaure
  5001 | D:6      | Reached * piety under Okawaru
  5197 | D:6      | Found a runed translucent door.
  5198 | D:6      | Noticed Crazy Yiuf
  5234 | D:6      | Killed Crazy Yiuf
  5271 | D:6      | Found Gedog's Distillery.
  5277 | D:6      | Bought a potion of heal wounds for 70 gold pieces
  5277 | D:6      | Bought a potion of heal wounds for 70 gold pieces
  5277 | D:6      | Bought a potion of might for 56 gold pieces
  5343 | D:6      | Found Vuirietz's Magic Scroll Boutique.
  5382 | D:6      | Found Voydulos's Weapon Shoppe.
  5439 | D:6      | Found Zeygae's Antique Weapon Emporium.
  5635 | D:6      | Found Aqamojom's Assorted Antiques.
  5695 | D:6      | Found a radiant altar of Vehumet.
  5695 | D:6      | Found a shimmering blue altar of Sif Muna.
  5695 | D:6      | Found a sparkling altar of Nemelex Xobeh.
  5752 | D:6      | Reached XP level 9. HP: 83/83 MP: 8/8
  6213 | D:7      | Reached ** piety under Okawaru
  6412 | D:7      | Noticed Pikel
  6425 | D:7      | Killed Pikel
  6426 | D:7      | Reached skill level 10 in Fighting
  6736 | D:8      | Found a staircase to the Lair.
  6736 | D:8      | Noticed a troll
  6761 | D:8      | Reached skill level 10 in Axes
  6765 | D:8      | Killed a troll
  6943 | D:8      | Reached XP level 10. HP: 89/94 MP: 9/9
  7324 | D:8      | Found a hazy altar of Hepliaklqana.
  7675 | D:8      | Reached *** piety under Okawaru
  7962 | D:9      | Found a flagged portal.
  8193 | Bailey   | Entered a bailey
  8927 | Bailey   | Found the +8 Vampire's Tooth {vamp}
  8947 | Bailey   | HP: 3/96 [centaur/+0 trident (10)]
  9222 | Bailey   | HP: 2/96 [orc warrior/+0 glaive (7)]
  9225 | Bailey   | Mangled by an orc warrior

Illustrated notes

Levels and vault maps discovered:
D:1:      nzn_arrival_depleted_hourglass, layout_loops_ring, serial_glass,
          glass_columns_a, glass_columns_a, glass_columns_c, glass_columns_c,
          glass_columns_b, glass_columns_a, glass_columns_b, glass_columns_a
D:2:      layout_rooms, hellmonk_ecumenical_altar_crossroads, basic_altar,
          hangedman_decor_push, minmay_small_reverse_x
D:3:      minmay_razor_zed, layout_basic, kennysheep_generic_room_10
D:4:      wad_pebble_path, layout_cave_pods, gammafunk_ghost_arena,
          hangedman_decor_clover_reticule, minmay_liquid_box, uniq_blork_the_orc
D:5:      layout_gridville, mainiacjoe_overflow_alcove_1,
          mainiacjoe_overflow_small_starburst, minmay_temple_entry_junction_2,
          nicolae_ossuary_entry_monument, uniq_menkaure, uniq_duvessa
D:6:      layout_loops_ring, gammafunk_temple_overflow_claw, serial_glass,
          glass_columns_a, glass_columns_b, serial_shops, shop, shop,
          nicolae_stop_n_shop_2, kennysheep_little_box, kennysheep_mini,
          uniq_crazy_yiuf_cottage
D:7:      layout_cave_pools, kennysheep_nub, uniq_pikel
D:8:      layout_basic, lemuel_doored_altar, erik_lair_island, fountainhead
D:9:      layout_loops_ring, mainiacjoe_overflow_cross_hatched, enter_bailey_2
Temple:   nicolae_temple_bog_church
Bailey:   bailey_polearm_flooded_kennysheep, bailey

Skill      XL: |  1  2  3  4  5  6  7  8  9 10 |
---------------+-------------------------------+-----
Fighting       | 4 5 6 7 9 10 11 | 11.5
Axes           | 3 4 5 6 8 10 11 | 11.2
Shields        | 4 5 6 7 8 |  8.5
Armour         | 4 5 6 8 |  8.6

Action                   |  1- 3 |  4- 6 |  7- 9 | 10-12 || total
-------------------------+-------+-------+-------+-------++-------
Melee: War axe           |    68 |    91 |       |       ||   159
       Headbutt          |     9 |    18 |    69 |    44 ||   140
       Hand axe          |       |    28 |   331 |   179 ||   538
  Use: Scroll            |       |     5 |     3 |     3 ||    11
       Potion            |       |     1 |     3 |     8 ||    12
Armor: Scale mail        |    21 |       |       |       ||    21
       Plate armour      |    13 |    65 |   167 |   142 ||   387
Dodge: Dodged            |    34 |    28 |    93 |    92 ||   247
Block: Buckler           |    20 |    32 |    60 |    80 ||   192

Table legend: (Time is in decaauts)
 A = Elapsed time spent in this place.
 B = Non-inter-level travel time spent in this place.
 C = Inter-level travel time spent in this place.
 D = Time resting spent in this place.
 E = Time spent auto-exploring this place.
 F = Levels seen in this place.
 G = Mean time per level.
                   A        B        C        D        E       F      G
               +--------+--------+--------+--------+--------+-----+--------+
         Total |   9200 |   8893 |    307 |   1315 |   5910 |  12 |  766.7 |
       Dungeon |   7747 |   7469 |    278 |    797 |   5511 |   9 |  860.8 |
        Temple |    141 |    112 |     29 |      0 |     99 |   1 |  141.0 |
       Ossuary |    304 |    304 |      0 |      0 |    169 |   1 |  304.0 |
        Bailey |   1006 |   1006 |      0 |    518 |    131 |   1 | 1006.0 |
               +--------+--------+--------+--------+--------+-----+--------+

Top non-repeatable levels by time:
     D:5: 1267 daAuts
     D:8: 1168 daAuts
     D:3: 1165 daAuts
  Bailey: 1006 daAuts
     D:6: 958 daAuts
     D:4: 945 daAuts
     D:7: 785 daAuts
     D:1: 760 daAuts
     D:2: 433 daAuts
 Ossuary: 304 daAuts
     D:9: 263 daAuts
  Temple: 141 daAuts
